General information
- name: BNet
- type: Ladder team game (AT/RT)
- host: Battle.net
- saver: iamherejustlazy
map: DragonFalls
- players: 8
- length: 34:06
- speed: Fast
- version: 1.27 W3XP
- replay type: Public
» download(187 KB)
Players
team 1 (winner)
thcemeterygates (
yellow | 107 APM | 3632 actions | 34:05)
9 Priestess of the Moon
3 Trueshot Aura
3 Searing Arrows
1 Starfall
2 Scout
6 Keeper of the Grove
3 Entangling Roots
2 Thorns Aura
1 Tranquility
1 Death Knight
1 Unholy Aura
» actions
| Assign group hotkey | 47 | |
| Basic commands | 167 | |
| Build / train | 131 | |
| ESC pressed | 3 | |
| Enter build submenu | 29 | |
| Enter hero's abilities submenu | 17 | |
| Give item / drop item | 9 | |
| Right click | 1871 | |
| Select / deselect | 540 | |
| Select group hotkey | 658 | |
| Use ability | 160 | |
3632 total
» units
| Wisp | 25 | |
| Archer | 13 | |
| Faerie Dragon | 2 | |
| Chimaera | 11 | |
| Hippogryph | 3 | |
| Footman | 3 | |
| Spell Breaker | 7 | |
| Huntress | 1 | |
65 total
» upgrades
| Improved Bows | 1 | |
| Strength of the Moon | 3 | |
| Strength of the Wild | 3 | |
| Marksmanship | 1 | |
| Corrosive Breath | 1 | |
| Moon Armor | 2 | |
| Well Spring | 1 | |
| Reinforced Hides | 1 | |
13 total
» buildings
| Altar of Elders | 3 | |
| Moon Well | 8 | |
| Ancient of War | 2 | |
| Tree of Ages | 1 | |
| Hunter's Hall | 2 | |
| Ancient of Wonders | 2 | |
| Tree of Eternity | 1 | |
| Ancient of Wind | 2 | |
| Chimaera Roost | 3 | |
| Tree of Life | 3 | |
| Castle | 1 | |
| Town Hall | 1 | |
29 total
» build order
00:06 Altar of Elders
00:08 Altar of Elders
00:17 Moon Well
00:32 Ancient of War
01:29 Moon Well
02:21 Moon Well
03:02 Tree of Ages
03:16 Moon Well
03:49 Ancient of War
04:33 Hunter's Hall
04:56 Ancient of Wonders
05:26 Tree of Eternity
05:52 Ancient of Wind
06:22 Hunter's Hall
07:26 Moon Well
08:15 Chimaera Roost
08:16 Chimaera Roost
10:22 Moon Well
10:28 Tree of Life
10:32 Chimaera Roost
10:34 Ancient of Wind
10:37 Moon Well
13:31 Castle
19:35 Tree of Life
23:04 Town Hall
27:31 Altar of Elders
30:43 Moon Well
30:50 Ancient of Wonders
33:08 Tree of Life
» items
| Scroll of Regeneration | 1 | |
| Lesser Clarity Potion | 3 | |
| Staff of Preservation | 1 | |
| Potion of Healing | 10 | |
| Dust of Appearance | 1 | |
| Scroll of Healing | 1 | |
| Scroll of Protection | 1 | |
| Scroll of Town Portal | 8 | |
| Orb of Venom | 1 | |
| Moonstone | 1 | |
| Potion of Mana | 1 | |
29 total
VpoTT (
blue | 30 APM | 308 actions | 10:21)
» actions
| Assign group hotkey | 5 | |
| Build / train | 14 | |
| ESC pressed | 1 | |
| Enter build submenu | 6 | |
| Right click | 184 | |
| Select / deselect | 49 | |
| Select group hotkey | 43 | |
| Use ability | 6 | |
308 total
» units
» buildings
| Crypt | 1 | |
| Ziggurat | 2 | |
| Altar of Darkness | 1 | |
| Tomb of Relics | 1 | |
| Halls of the Dead | 1 | |
6 total
» build order
00:29 Crypt
00:42 Ziggurat
00:43 Ziggurat
02:49 Altar of Darkness
06:16 Tomb of Relics
08:03 Halls of the Dead
iamherejustlazy (
purple | 44 APM | 1491 actions | 34:06)
8 Lich
3 Frost Nova
3 Frost Armor
1 Death and Decay
1 Dark Ritual
6 Death Knight
3 Death Coil
2 Unholy Aura
1 Animate Dead
» actions
| Assign group hotkey | 29 | |
| Basic commands | 26 | |
| Build / train | 75 | |
| Enter build submenu | 11 | |
| Enter hero's abilities submenu | 17 | |
| Give item / drop item | 1 | |
| Remove unit from queue | 1 | |
| Right click | 775 | |
| Select / deselect | 306 | |
| Select group hotkey | 182 | |
| Use ability | 68 | |
1491 total
» units
| Peon | 5 | |
| Acolyte | 7 | |
| Ghoul | 1 | |
| Gargoyle | 20 | |
33 total
» upgrades
| Creature Attack | 3 | |
| Creature Carapace | 3 | |
| Stone Form | 1 | |
| Cannibalize | 1 | |
| Web | 1 | |
| Burrow | 1 | |
10 total
» buildings
| Graveyard | 1 | |
| Ziggurat | 6 | |
| Black Citadel | 1 | |
| Crypt | 3 | |
| Spirit Tower | 4 | |
| Sacrificial Pit | 1 | |
16 total
» build order
10:58 Graveyard
11:19 Ziggurat
11:34 Black Citadel
12:10 Crypt
12:45 Spirit Tower
12:46 Spirit Tower
13:25 Ziggurat
15:10 Spirit Tower
28:24 Sacrificial Pit
30:50 Ziggurat
30:51 Ziggurat
30:51 Ziggurat
30:51 Ziggurat
33:05 Crypt
33:06 Crypt
33:07 Spirit Tower
» items
| Boots of Speed | 1 | |
| Staff of Teleportation | 1 | |
| Scroll of Town Portal | 2 | |
| Orb of Corruption | 2 | |
| Potion of Healing | 4 | |
| Potion of Mana | 1 | |
11 total
GoFakUrself (
red | 16 APM | 212 actions | 13:07)
1 Archmage
1 Summon Water Elemental
» actions
| Basic commands | 4 | |
| Build / train | 39 | |
| Enter build submenu | 20 | |
| Enter hero's abilities submenu | 1 | |
| Remove unit from queue | 5 | |
| Right click | 34 | |
| Select / deselect | 91 | |
| Use ability | 18 | |
212 total
» units
| Peasant | 4 | |
| Footman | 9 | |
| Rifleman | 4 | |
| Priest | 5 | |
22 total
» upgrades
» buildings
| Altar of Kings | 1 | |
| Barracks | 1 | |
| Farm | 9 | |
| Arcane Vault | 1 | |
| Lumber Mill | 1 | |
| Keep | 1 | |
| Blacksmith | 1 | |
| Scout Tower | 3 | |
| Guard Tower | 3 | |
| Arcane Sanctum | 1 | |
22 total
» build order
00:10 Altar of Kings
00:15 Barracks
00:22 Farm
01:37 Farm
02:24 Arcane Vault
03:29 Lumber Mill
04:43 Farm
04:49 Keep
05:12 Blacksmith
05:26 Scout Tower
06:02 Scout Tower
06:04 Guard Tower
07:49 Guard Tower
07:57 Farm
08:09 Arcane Sanctum
09:13 Farm
09:36 Farm
10:09 Scout Tower
10:31 Farm
11:06 Guard Tower
11:47 Farm
11:52 Farm
» items
| Potion of Healing | 1 | |
| Potion of Mana | 1 | |
| Scroll of Town Portal | 1 | |
3 total
team 2 (loser)

»
Harry.Tits (
pink | 50 APM | 1184 actions | 23:27)
3 Demon Hunter
1 Mana Burn
2 Evasion
» actions
| Assign group hotkey | 22 | |
| Build / train | 75 | |
| ESC pressed | 4 | |
| Enter build submenu | 30 | |
| Enter hero's abilities submenu | 4 | |
| Remove unit from queue | 1 | |
| Right click | 458 | |
| Select / deselect | 283 | |
| Select group hotkey | 250 | |
| Use ability | 57 | |
1184 total
» units
| Wisp | 33 | |
| Huntress | 5 | |
| Chimaera | 3 | |
| Archer | 3 | |
| Hippogryph | 10 | |
54 total
» upgrades
| Sentinel | 1 | |
| Upgrade Moon Glaive | 1 | |
| Ultravision | 1 | |
| Well Spring | 1 | |
| Marksmanship | 1 | |
| Improved Bows | 1 | |
| Moon Armor | 1 | |
| Strength of the Moon | 0 | |
| Reinforced Hides | 1 | |
| Strength of the Wild | 1 | |
9 total
» buildings
| Altar of Elders | 2 | |
| Moon Well | 9 | |
| Tree of Life | 6 | |
| Ancient of War | 3 | |
| Ancient of Wonders | 1 | |
| Tree of Ages | 1 | |
| Hunter's Hall | 1 | |
| Tree of Eternity | 1 | |
| Ancient of Wind | 3 | |
| Chimaera Roost | 2 | |
29 total
» build order
00:07 Altar of Elders
00:10 Moon Well
01:24 Moon Well
02:09 Tree of Life
02:29 Ancient of War
02:37 Ancient of War
02:59 Moon Well
03:41 Ancient of Wonders
04:32 Tree of Ages
06:14 Tree of Life
06:33 Hunter's Hall
06:56 Tree of Eternity
06:57 Ancient of Wind
07:06 Moon Well
08:24 Moon Well
09:41 Ancient of War
10:11 Chimaera Roost
10:14 Chimaera Roost
11:23 Moon Well
16:49 Ancient of Wind
17:49 Ancient of Wind
20:07 Altar of Elders
20:08 Moon Well
20:09 Moon Well
20:09 Moon Well
20:20 Tree of Life
20:23 Tree of Life
21:53 Tree of Life
22:02 Tree of Life
» items
| Periapt of Vitality | 1 | |
| Dust of Appearance | 1 | |
| Scroll of Town Portal | 2 | |
| Scroll of Speed | 1 | |
5 total

»
huhhhhh (
orange | 34 APM | 1113 actions | 32:48)
8 Blademaster
3 Wind Walk
3 Critical Strike
1 Bladestorm
1 Mirror Image
» actions
| Build / train | 81 | |
| ESC pressed | 3 | |
| Enter build submenu | 29 | |
| Enter hero's abilities submenu | 7 | |
| Give item / drop item | 2 | |
| Right click | 636 | |
| Select / deselect | 272 | |
| Use ability | 81 | |
1113 total
» units
| Peon | 12 | |
| Grunt | 9 | |
| Shaman | 13 | |
| Tauren | 9 | |
| Troll Headhunter/Berserker | 3 | |
| Troll Batrider | 5 | |
51 total
» upgrades
| Shaman Training | 2 | |
| Pulverize | 1 | |
| Melee Weapons | 1 | |
| Armor | 1 | |
| Berserker Upgrade | 1 | |
| Troll Regeneration | 1 | |
7 total
» buildings
| Orc Burrow | 8 | |
| Altar of Storms | 1 | |
| Barracks | 1 | |
| Voodoo Lounge | 2 | |
| War Mill | 1 | |
| Stronghold | 2 | |
| Spirit Lodge | 1 | |
| Fortress | 1 | |
| Tauren Totem | 3 | |
| Great Hall | 3 | |
| Beastiary | 3 | |
26 total
» build order
00:42 Orc Burrow
00:47 Altar of Storms
01:41 Barracks
01:46 Voodoo Lounge
02:14 Orc Burrow
02:39 War Mill
03:36 Orc Burrow
03:53 Stronghold
04:37 Orc Burrow
05:49 Orc Burrow
06:50 Spirit Lodge
06:53 Fortress
08:38 Orc Burrow
09:57 Tauren Totem
09:59 Tauren Totem
10:20 Tauren Totem
10:34 Orc Burrow
11:34 Great Hall
15:05 Orc Burrow
22:29 Great Hall
24:43 Beastiary
24:52 Beastiary
25:05 Great Hall
28:53 Beastiary
29:36 Voodoo Lounge
» items
| Healing Salve | 2 | |
| Lesser Clarity Potion | 1 | |
| Boots of Speed | 1 | |
| Scroll of Town Portal | 4 | |
| Orb of Venom | 1 | |
9 total
Kolinete (
green | 45 APM | 1524 actions | 34:04)
5 Mountain King
3 Storm Bolt
2 Bash
3 Paladin
2 Holy Light
1 Divine Shield
» actions
| Assign group hotkey | 36 | |
| Basic commands | 64 | |
| Build / train | 82 | |
| ESC pressed | 1 | |
| Enter build submenu | 43 | |
| Enter hero's abilities submenu | 8 | |
| Give item / drop item | 2 | |
| Right click | 500 | |
| Select / deselect | 324 | |
| Select group hotkey | 376 | |
| Use ability | 88 | |
1524 total
» units
| Peasant | 26 | |
| Rifleman | 9 | |
| Mortar Team | 2 | |
| Siege Engine | 9 | |
46 total
» upgrades
| Gunpowder | 1 | |
| Masonry | 1 | |
| Lumber Harvesting | 2 | |
| Long Rifles | 1 | |
| Plating | 1 | |
| Barrage | 1 | |
| Fragmentation Shards | 1 | |
8 total
» buildings
| Farm | 16 | |
| Altar of Kings | 1 | |
| Barracks | 2 | |
| Arcane Vault | 2 | |
| Lumber Mill | 3 | |
| Blacksmith | 1 | |
| Town Hall | 1 | |
| Scout Tower | 7 | |
| Keep | 1 | |
| Arcane Tower | 1 | |
| Guard Tower | 3 | |
| Castle | 1 | |
| Workshop | 3 | |
42 total
» build order
00:09 Farm
00:15 Altar of Kings
01:02 Barracks
01:29 Arcane Vault
01:36 Farm
02:15 Farm
02:20 Lumber Mill
02:22 Blacksmith
02:46 Farm
03:35 Farm
05:25 Town Hall
05:27 Arcane Vault
05:29 Scout Tower
05:30 Scout Tower
05:31 Scout Tower
06:30 Keep
07:05 Farm
07:09 Arcane Tower
07:19 Scout Tower
07:21 Guard Tower
08:07 Guard Tower
08:08 Scout Tower
08:38 Scout Tower
09:50 Castle
09:57 Workshop
09:58 Workshop
10:01 Workshop
10:25 Barracks
10:30 Farm
11:14 Lumber Mill
12:40 Farm
13:38 Farm
14:02 Farm
14:06 Farm
14:07 Farm
14:11 Farm
14:16 Farm
14:19 Farm
17:11 Farm
21:39 Guard Tower
23:37 Scout Tower
23:48 Lumber Mill
» items
| Scroll of Regeneration | 4 | |
| Lesser Clarity Potion | 1 | |
| Scroll of Town Portal | 4 | |
| Potion of Healing | 1 | |
| Orb of Fire | 2 | |
12 total
ReFH (
teal | 28 APM | 949 actions | 33:59)
4 Paladin
1 Holy Light
2 Devotion Aura
1 Divine Shield
2 Blood Mage
1 Banish
1 Siphon Mana
» actions
| Build / train | 105 | |
| Enter build submenu | 28 | |
| Enter hero's abilities submenu | 6 | |
| Remove unit from queue | 2 | |
| Right click | 333 | |
| Select / deselect | 393 | |
| Use ability | 82 | |
949 total
» units
| Peasant | 14 | |
| Footman | 8 | |
| Spell Breaker | 8 | |
| Knight | 6 | |
| Sorceress | 5 | |
| Hippogryph | 5 | |
| Rifleman | 4 | |
| Dragonhawk Rider | 8 | |
58 total
» upgrades
| Masonry | 3 | |
| Plating | 3 | |
| Lumber Harvesting | 2 | |
| Swords | 3 | |
| Animal War Training | 1 | |
| Armor | 1 | |
| Gunpowder | 1 | |
14 total
» buildings
| Farm | 10 | |
| Altar of Kings | 2 | |
| Barracks | 1 | |
| Scout Tower | 6 | |
| Lumber Mill | 1 | |
| Guard Tower | 5 | |
| Keep | 1 | |
| Arcane Vault | 1 | |
| Blacksmith | 1 | |
| Town Hall | 1 | |
| Castle | 1 | |
| Arcane Sanctum | 1 | |
| Gryphon Aviary | 3 | |
34 total
» build order
00:35 Farm
00:38 Farm
01:05 Altar of Kings
01:28 Farm
02:10 Barracks
02:19 Scout Tower
02:23 Scout Tower
02:33 Lumber Mill
02:51 Scout Tower
02:54 Farm
03:17 Scout Tower
03:26 Farm
03:50 Scout Tower
03:51 Guard Tower
03:53 Guard Tower
03:55 Guard Tower
04:10 Scout Tower
04:18 Farm
04:33 Keep
04:37 Arcane Vault
04:38 Guard Tower
04:52 Guard Tower
05:39 Blacksmith
07:47 Town Hall
10:05 Castle
10:11 Arcane Sanctum
27:15 Gryphon Aviary
27:21 Gryphon Aviary
28:29 Gryphon Aviary
29:13 Farm
29:17 Farm
29:20 Farm
30:02 Farm
30:43 Altar of Kings
» items
| Periapt of Vitality | 1 | |
| Scroll of Protection | 2 | |
| Potion of Lesser Invulnerability | 1 | |
| Scroll of Town Portal | 6 | |
| Potion of Healing | 3 | |
| Orb of Lightning | 1 | |
| Anti-magic Potion | 1 | |
| Scroll of Speed | 1 | |
| Orb of Fire | 1 | |
17 total
Chat log
(00:35 / All) thcemeterygates: hold on
(00:38 / All) thcemeterygates: dog needs to ge tlet out
(00:46 / All) thcemeterygates: dont want him to poo in the living room
(00:52 / All) VpoTT: lol
(00:54 / All) huhhhhh: dont care
(00:57 / All) thcemeterygates: no manner in 4s
(00:58 / All) thcemeterygates: nig craft
(01:08 / Allies) thcemeterygates: ^^
(01:12 / Allies) thcemeterygates: hehe
(01:19 / Allies) VpoTT: lol
(01:22 / Allies) thcemeterygates: LMAO
(01:31 / Allies) thcemeterygates: WOAH
(01:31 / Allies) thcemeterygates: LOL
(01:35 / Allies) thcemeterygates: herere herere
(01:38 / Allies) thcemeterygates: he has returned
(01:58 / All) thcemeterygates: :P
(02:02 / Allies) thcemeterygates: get ur ass in gear lazy
(02:04 / Allies) thcemeterygates: u nig
(02:15 / Allies) VpoTT: sorry
(02:16 / All) huhhhhh: dear god
(02:21 / Allies) VpoTT: had to let all 3 dogs out
(02:26 / All) thcemeterygates: :)
(02:32 / All) thcemeterygates: my dog is ok now thanks
(02:35 / Allies) VpoTT: :D
(02:38 / All) ReFH: i did it for the dog lol
(02:39 / Allies) VpoTT: jkjk
(02:40 / Allies) thcemeterygates: LMAO
(02:43 / Allies) VpoTT: btw I'm new
(02:43 / Allies) VpoTT: so rip
(02:44 / Allies) thcemeterygates: purp
(02:46 / Allies) thcemeterygates: click on mine
(02:58 / Allies) iamherejustlazy: 13000 gold, invulnerable
(03:04 / Allies) thcemeterygates: just feed me gold
(03:05 / Allies) thcemeterygates: :)
(03:10 / Allies) iamherejustlazy: what secret message are you trying to tell me
(03:12 / All) GoFakUrself: the fuck is he doing
(03:12 / Allies) VpoTT: idk how
(03:14 / Allies) VpoTT: lol
(03:23 / All) huhhhhh: right
(03:29 / Allies) VpoTT: how do I feed gold
(03:41 / Allies) thcemeterygates: press allies at the top
(03:44 / Allies) thcemeterygates: and click on the gold
(03:57 / Allies) thcemeterygates: to my name
(04:03 / Allies) thcemeterygates: wood too
(04:06 / Allies) thcemeterygates: holly maccaroni
(04:10 / Allies) VpoTT: lol
(04:16 / Allies) VpoTT: what hero do i make
(04:43 / Allies) VpoTT: I'll do lich
(05:49 / Allies) thcemeterygates: more
(05:50 / Allies) thcemeterygates: feed me mroe
(05:57 / Allies) VpoTT: eat my master, eat
(06:07 / Allies) thcemeterygates: well done my child
(06:33 / Allies) thcemeterygates: get those
(06:34 / Allies) thcemeterygates: items
(06:36 / Allies) thcemeterygates: for lich
(06:55 / Allies) VpoTT: should I go attack?
(06:59 / Allies) thcemeterygates: yeah
(07:00 / Allies) thcemeterygates: follow me
(07:09 / Allies) VpoTT: coming
(07:12 / Allies) thcemeterygates: ed
(07:13 / Allies) thcemeterygates: red
(07:15 / Allies) thcemeterygates: hit the other guys
(08:24 / Allies) thcemeterygates: feed me more
(08:25 / Allies) thcemeterygates: my child
(08:33 / Allies) VpoTT: as you command
(08:35 / Allies) VpoTT: ...master
(08:36 / Allies) thcemeterygates: wood
(08:51 / Allies) iamherejustlazy: did you notice how much I gave you
(09:54 / Allies) thcemeterygates: more my child
(11:51 / All) thcemeterygates: :)
(11:52 / All) ReFH: oj
(12:39 / Allies) iamherejustlazy: I got blue
(13:03 / All) GoFakUrself: cant play such bad connection
(13:25 / All) huhhhhh: me too
(15:37 / All) Kolinete: nub
(15:38 / All) Kolinete: chims
(15:42 / All) Kolinete: what a nub
(16:56 / All) ReFH: ty
(17:56 / All) ReFH: hit green
(17:59 / All) ReFH: hit bottom
(20:47 / All) ReFH: green tp back
(21:24 / All) Kolinete: nice hak
(21:36 / All) ReFH: i got it
(22:08 / All) ReFH: i had no hero to tp
(23:51 / Allies) thcemeterygates: send me gold
(23:51 / Allies) thcemeterygates: plz
(26:24 / All) Kolinete: why i cant stun ur hero
(26:31 / All) Kolinete: nice hack
(26:33 / All) thcemeterygates: who
(26:40 / All) Kolinete: ill deman
(26:46 / All) Kolinete: i could stun ur hero
(26:49 / All) Kolinete: u suck a lot
(27:06 / All) Kolinete: why i cant stun ur hero?
(28:07 / All) Kolinete: nice hack
(28:20 / All) Kolinete: i couldnt stun ur hero like in 6 times
(28:30 / All) Kolinete: u lucke
(28:36 / All) Kolinete: teal and pin kwas nubs
(28:37 / Allies) iamherejustlazy: SEND OUT THERE
(28:39 / All) Kolinete: we lost for them
(28:39 / Allies) iamherejustlazy: caps
(30:04 / All) huhhhhh: damn u blue
(30:21 / Allies) iamherejustlazy: wait a sec
(30:24 / Allies) iamherejustlazy: tp out
(30:25 / Allies) iamherejustlazy: tp out
(30:26 / Allies) iamherejustlazy: tp out
(30:27 / Allies) iamherejustlazy: tp out
(30:28 / Allies) iamherejustlazy: tp otu
(32:17 / All) huhhhhh: wow hack as fuck
(32:23 / All) huhhhhh: gg
(32:28 / All) Kolinete: ya
(32:32 / All) Kolinete: nve hack
(32:36 / All) huhhhhh: using dust right when my invis hero comes near u
(32:42 / Allies) iamherejustlazy: "dust" lol
(32:45 / Allies) iamherejustlazy: don't tell him
(32:53 / All) Kolinete: whata nub teal
(33:02 / All) Kolinete: that was for paused in the beggining
(33:06 / All) Kolinete: was the hack
(33:09 / All) Kolinete: jajaja
(33:10 / All) Kolinete: jajaja
(33:15 / All) Kolinete: i saved ur ass
(33:16 / All) ReFH: i paused to take my dog out
(33:22 / All) Kolinete: then we get that hack
(33:33 / All) ReFH: no hack, we just lost
(33:36 / All) ReFH: deal with it
(33:42 / All) thcemeterygates: 2 allies left
(33:43 / All) thcemeterygates: :P
(33:49 / All) thcemeterygates: do u know ud is actually orc
(33:51 / All) thcemeterygates: who was afk
(33:52 / All) ReFH: peace yellow
(33:58 / All) thcemeterygates: gg